 Dungeon Crawl Stone Soup version 0.31-a0-210-gccc998df9b (webtiles) character file.

Game seed: 14125925129261117652

111 qw the Shooter (level 4, 0/26 HPs)
             Began as a Gargoyle Hexslinger on June 29, 2023.
             Slain by a gnoll
             ... wielding a +0 whip
              (6 damage)
             ... on level 3 of the Dungeon.
             The game lasted 00:00:46 (1945 turns).

qw the Shooter (Gargoyle Hexslinger)                Turns: 1945, Time: 00:00:47

Health: 0/26       AC:  7    Str: 12    XL:     4   Next: 92%
Magic:  5/5        EV: 12    Int: 13    God:
Gold:   208        SH:  0    Dex: 14    Spells: 4/5 levels left

rFire   . . .        Y - +1 sling
rCold   . . .        (no shield)
rNeg    + . .        c - +0 robe
rPois   inf          (no helmet)
rElec   +            (no cloak)
rCorr   .            e - +1 pair of gloves
SInv    .            (no boots)
Will    .....        (no amulet)
Stlth   +            (no ring)
HPRegen 0.24/turn    (no ring)
MPRegen 0.09/turn

%: no passive effects
@: no status effects
A: sickness immunity, AC +3, negative energy resistance 1, electricity
resistance, torment resistance 1, petrification resistance
a: no special abilities


You were on level 3 of the Dungeon.
You visited 1 branch of the dungeon, and saw 3 of its levels.

You collected 208 gold pieces.


Innate Abilities, Weirdness & Mutations

You are immune to sickness and miasma.
Your stone body is resilient. (AC +3)
You are immune to poison.
You resist negative energy. (rN+)
You are resistant to electric shocks. (rElec)
You are resistant to unholy torment.
You are immune to petrification.


   Skills:
 - Level 2.0 Fighting
 + Level 4.6 Ranged Weapons
 - Level 1.5 Dodging
 - Level 1.0 Spellcasting
 - Level 2.6 Hexes


You had 4 spell levels left.
You knew the following spells:

 Your Spells              Type           Power      Damage    Failure   Level
a - Slow                  Hex            28%        N/A       10%         1

Your spell library contained the following spells:

 Spells                   Type           Power      Damage    Failure   Level
 Inner Flame              Hex/Fire       4%         N/A       43%         3
 Portal Projectile        Hex/Tloc       8%         N/A       43%         3
 Cause Fear               Hex            3%         N/A       67%         4

Inventory:

Hand Weapons
 Y - a +1 sling (weapon)
Armour
 b - a +0 ring mail
 c - a +0 robe (worn)
 e - a +1 pair of gloves (worn)
Scrolls
 d - a scroll of revelation {unknown}
Potions
 a - a potion of enlightenment {unknown}
 f - a potion of might {unknown}
 g - a potion of resistance {unknown}
 h - a potion of brilliance {unknown}
 i - a potion of heal wounds {unknown}
 j - a potion of attraction {unknown}

Dungeon Overview and Level Annotations

Branches:
Dungeon (3/15)

Altars:


Message History

The rat is heavily wounded.
You shoot a sling bullet. The sling bullet hits the rat.
You kill the rat!
Found an escape hatch in the ceiling.
There is an open gate here.
Enter note: You hear the slow rusting of a very distant drain.
There is an escape hatch in the ceiling here.
A gnoll comes into view. It is wielding a +0 club.
The gnoll shouts!
You hear a shout! x2
Enter note: You shoot a sling bullet.
The sling bullet closely misses the gnoll.
You hear a shout!
A gnoll comes into view. It is wielding a +0 whip.
You shoot a sling bullet. The sling bullet hits the gnoll.
The gnoll is heavily wounded.
The gnoll closely misses you.
A gnoll comes into view. It is wielding a +2 spear of venom.
You shoot a sling bullet.
The sling bullet barely misses the gnoll.
The sling bullet hits the gnoll.
The gnoll is moderately wounded.
You hear a shout!
The gnoll hits you with a +0 club.
A gnoll comes into view. It is wielding a +0 spear.
The gnoll hits you from afar with a +2 spear of venom.
1942 ||| Stepping ~*~*~tactically~*~*~ (outnumbered).
The gnoll attacks as you move away! The gnoll closely misses you.
You shoot a sling bullet. The sling bullet hits the gnoll.
The gnoll is severely wounded.
The gnoll hits you with a +0 whip.
You shoot a sling bullet.
The sling bullet closely misses the gnoll.
The gnoll hits you with a +0 whip.
The gnoll hits you from afar with a +2 spear of venom.
You shoot a sling bullet. The sling bullet hits the gnoll.
The gnoll is almost dead.
The gnoll hits you but does no damage. The gnoll hits you with a +0 whip.
You die...

#### ##~~~
##~~.. #####
##~~... #gg.###
##~~....
#..#@..##
##~~.....
#g####<.#
##~~...... #g
##.####~~.......
#
#...##~........
###..'.........
##.'.....}...
#.'.........
#.#~:....|..
..#~~....)..


You could see 2 gnolls.

Vanquished Creatures
  5 gnolls
  An adder (D:2)
  A worm (D:2)
  2 dart slugs
  2 bats
  4 endoplasms
  2 giant cockroaches
  4 goblins
  2 hobgoblins (D:1)
  10 kobolds
  2 quokkas
  5 ball pythons
  2 frilled lizards
  5 rats
47 creatures vanquished.

Notes
Turn   | Place    | Note
-------+----------+-------------------------------------------
     0 | D:1      | qw the Gargoyle Hexslinger began the quest for the Orb.
     0 | D:1      | Reached XP level 1. HP: 12/12 MP: 2/2
     0 | D:1      | 0 ||| qw: Version: 0.3-a-24-g62f9e04
     0 | D:1      | 0 ||| qw: Game counter: 6672
     0 | D:1      | 0 ||| qw: Melee chars always use a shield: true
     0 | D:1      | 0 ||| qw: God list: Okawaru
     0 | D:1      | 0 ||| qw: Allow faded altars: false
     0 | D:1      | 0 ||| qw: Do Orc after clearing Dungeon:15 true
     0 | D:1      | 0 ||| qw: Do second Lair branch before Depths: true
     0 | D:1      | 0 ||| qw: Lair rune preference: random
     0 | D:1      | 0 ||| qw: Goals: Normal
     0 | D:1      | 0 ||| PLANNING D:1-11
   215 | D:1      | Reached XP level 2. HP: 16/16 MP: 3/3
   282 | D:1      | Reached skill level 3 in Ranged Weapons
   397 | D:1      | Reached XP level 3. HP: 20/20 MP: 4/4
   701 | D:1      | 701 ||| UPGRADING to +1 pair of gloves.
   706 | D:1      | 706 ||| READING 3 scrolls labelled XAJAIWIYJU.
   707 | D:1      | 707 ||| READING 2 scrolls labelled PUCVOAXANT.
   711 | D:1      | 711 ||| READING scroll labelled QAHERA LYEJU.
   712 | D:1      | 712 ||| DROPPING 2 scrolls of immolation.
   713 | D:1      | 713 ||| DROPPING scroll of poison.
   728 | D:2      | 728 ||| STAIRDANCE
   955 | D:2      | HP: 2/21 [gnoll/+0 flail (9)]
   956 | D:2      | Reached XP level 4. HP: 3/26 MP: 5/5
   956 | D:2      | 956 ||| READING scroll of teleportation.
  1068 | D:2      | Reached skill level 4 in Ranged Weapons
  1779 | D:2      | 1779 ||| READING scroll labelled GICAEMIUZE.
  1780 | D:2      | 1780 ||| READING scroll labelled LUS YROMUI.
  1781 | D:2      | 1781 ||| READING scroll labelled VONNINN VEASASCH.
  1782 | D:2      | 1782 ||| DRINKING 2 metallic amethyst potions.
  1808 | D:2      | 1808 ||| DROPPING potion of lignification.
  1837 | D:3      | 1837 ||| PLANNING SEWER
  1942 | D:3      | 1942 ||| Stepping ~*~*~tactically~*~*~ (outnumbered).
  1944 | D:3      | HP: 6/26 [gnoll/+2 spear of venom (3)]
  1945 | D:3      | Slain by a gnoll

Levels and vault maps discovered:
D:1:      minmay_arrival_hallway, layout_basic, serial_bayou_crossing
D:2:      layout_basic, hex_medium, minmay_stone_trees_small,
          lemuel_flame_loot_1
D:3:      layout_rooms, portal_sewer_entry_f, shapermc_ecumenical_altar_venn,
          minmay_crystal_room, kennysheep_cluttered_room

Skill      XL: |  1  2  3  4 |
---------------+-------------+-----
Ranged Weapons | 3 4 |  4.6
Fighting       | 2 |  2.0
Dodging        | |  1.5
Spellcasting   | |  1.0
Hexes          | |  2.6

Action                     |  1- 3 |  4- 6 || total
---------------------------+-------+-------++-------
   Fire: Sling             |    81 |    89 ||   170
    Use: Scroll            |     3 |     4 ||     7
         Potion            |       |     1 ||     1
 Armour: Robe              |     7 |    12 ||    19
  Dodge: Dodged            |    17 |    20 ||    37

Table legend:
 A = Non-vault XP
 B = Vault XP
 C = Vault XP percentage of total XP
 D = Non-vault monster count
 E = Vault monster count
 F = Vault count percentage of total count
                 A         B        C        D         E       F
            +---------+---------+-------+---------+---------+-------
      Total |     159 |       0 |   0.0 |      47 |       0 |   0.0
            +---------+---------+-------+---------+---------+-------
        D:1 |      49 |       0 |   0.0 |      22 |       0 |   0.0
        D:2 |     102 |       0 |   0.0 |      21 |       0 |   0.0
        D:3 |       8 |       0 |   0.0 |       4 |       0 |   0.0
            +---------+---------+-------+---------+---------+-------
